 Dungeon Crawl Stone Soup version 0.28.0 (webtiles) character file.

Game seed: 9447071691930399140

16 sanka the Magician (level 2, 16/16 HPs)
             Began as a Deep Elf Transmuter on Feb 8, 2022.
             Was a Follower of Zin.
             Quit the game on level 1 of the Dungeon.
             The game lasted 00:01:04 (1748 turns).

sanka the Magician (Deep Elf Transmuter)            Turns: 1748, Time: 00:01:04

Health: 16/16      AC:  2    Str:  7    XL:     2   Next: 37%
Magic:  9/9        EV: 12    Int: 17    God:    Zin [*.....]
Gold:   11         SH:  0    Dex: 15    Spells: 8/9 levels left

rFire   . . .      SeeInvis .     - Unarmed
rCold   . . .      Faith    .   (no shield)
rNeg    . . .      Spirit   .   a - +0 robe
rPois   .          Reflect  .   (no helmet)
rElec   .          Harm     .   (no cloak)
rCorr   .          Rampage  .   (no gloves)
Will    .....                   (no boots)
Stlth   +.........              (no amulet)
HPRegen 0.05/turn               (no ring)
MPRegen 0.11/turn               (no ring)

@: no status effects
A: no striking features
a: Renounce Religion, Recite, Donate Gold


You were on level 1 of the Dungeon.
You worshipped Zin.
Zin was aware of your devotion.
You visited 1 branch of the dungeon, and saw 1 of its levels.

You collected 12 gold pieces.
You donated 1 gold pieces to Zin.

Inventory:

Armour
 a - a +0 robe (worn)
Potions
 b - a potion of degeneration {unknown}
 c - a potion of mutation {unknown}
 d - a potion of haste {unknown}


   Skills:
 - Level 0.7 Fighting
 - Level 2.4 Dodging
 - Level 2.4 Unarmed Combat
 + Level 4.3 Spellcasting
 - Level 2.1 Transmutations


You had 8 spell levels left.
You knew the following spells:

 Your Spells              Type           Power      Damage    Failure   Level
a - Beastly Appendage     Tmut           22%        N/A       6%          1

Your spell library contained the following spells:

 Spells                   Type           Power      Damage    Failure   Level
 Wereblood                Tmut           11%        N/A       10%         2
 Spider Form              Tmut/Pois      7%         N/A       28%         3
 Ice Form                 Ice/Tmut       7%         N/A       67%         4


Dungeon Overview and Level Annotations

Branches:
Dungeon (1/15)

Altars:
Zin


Message History

You open the door.
There is an open door here.
A ball python comes into view.
The ball python hisses angrily.
You grow a pair of large bovine horns.
Your feet morph into talons.
The ball python bites you but does no damage.
The ball python closely misses you.
You closely miss the ball python. You claw the ball python.
Your headbutt misses the ball python.
The ball python is severely wounded.
The ball python misses you. x2
You barely miss the ball python.
The ball python is severely wounded.
The ball python bites you. The ball python barely misses you.
You hit the ball python.
You kill the ball python!
No target in view!
Search for what [? for help]? latar Can't find anything matching that.
Search for what [Enter for "latar", or ? for help]? altar Magic restored.
Your transformation is almost over.
There is an open door here.
Your horns disappear.
Your talons disappear.
You enter the shallow water.
Moving in this stuff is going to be slow.
You enter the shallow water.
Moving in this stuff is going to be slow.
You see here a hobgoblin corpse.
You enter the shallow water.
Moving in this stuff is going to be slow.
There is a faded altar of an unknown god here.
You cannot tell which god this altar belongs to.
Convert to them anyway?
Zin accepts your prayer! Zin welcomes you!
You pay a tithe of 1 gold.
You can now donate money to Zin.
You can now recite Zin's Axioms of Law.
Unknown command.
Press < or > to pray at altars.
Are you sure you want to abandon this character and quit the game? (Confirm with "yes".)

#####
#...######
#######
#.#.)....#
##PP.@8#
#...####.#
#.P≈#### ##.##
#.# #P.≈# #.#
#.# ##.≈##
#####.#####.#
#.≈P#
#.........#..
##≈.##
#.###.###.###
#P≈.# #.#
#...#.# ##+##
#P≈.## #.#
###.#.#
##...####.≈PP##
#.#####.#.#


There were no monsters in sight!

Vanquished Creatures
  3 endoplasms (D:1)
  A giant cockroach (D:1)
  A goblin (D:1)
  2 hobgoblins (D:1)
  A ball python (D:1)
  3 bats (D:1)
  A frilled lizard (D:1)
  A kobold (D:1)
  3 rats (D:1)
16 creatures vanquished.

Notes
Turn   | Place    | Note
-------+----------+-------------------------------------------
     0 | D:1      | sanka the Deep Elf Transmuter began the quest for the Orb.
     0 | D:1      | Reached XP level 1. HP: 11/11 MP: 6/6
   757 | D:1      | Reached skill level 4 in Spellcasting
   757 | D:1      | Reached XP level 2. HP: 8/16 MP: 7/9
  1671 | D:1      | Found a faded altar of an unknown god.
  1747 | D:1      | Prayed at the altar of an unknown god.
  1747 | D:1      | Became a worshipper of Zin the Law-Giver
  1747 | D:1      | Reached * piety under Zin
  1748 | D:1      | Quit the game

Illustrated notes

Levels and vault maps discovered:
D:1:      dpeg_arrival_water_fire, layout_loops_corners,
          shapermc_ecumenical_altar_hornbeckon, roderic_lattice_a

Skill      XL: |  1 |
---------------+----+-----
Spellcasting   | 4 |  4.3
Fighting       | |  0.7
Dodging        | |  2.4
Unarmed Combat | |  2.4
Transmutations | |  2.1

Action                   || total
-------------------------++-------
Melee: Unarmed           ||    52
       Kick              ||     9
       Headbutt          ||     3
 Cast: Beastly Appendage ||    10
 Stab: Sleeping          ||     1
Armor: Robe              ||    11
Dodge: Dodged            ||    30
